 Dungeon Crawl Stone Soup version 0.24.0-1-gfbc8707122 (console) character file.

Game seed: 14860249687109004930, levelgen mode: deterministic

1301 AlterAsc the Changer (level 8, -4/67 HPs)
             Began as a White Draconian Transmuter on Oct 27, 2019.
             Killed from afar by an orc wizard (9 damage)
             ... with a magic dart
             ... on level 6 of the Dungeon.
             The game lasted 00:22:50 (6259 turns).

AlterAsc the Changer (White Draconian Transmuter)   Turns: 6259, Time: 00:22:50

Health: -4/67      AC: 10    Str: 13    XL:     8   Next: 31%
Magic:  15/16      EV: 12    Int: 14    God:
Gold:   383        SH:  0    Dex: 12    Spells: 12/18 levels left

rFire    . . .     SeeInvis .     - Unarmed
rCold    + . .     Gourm    .   (no shield)
rNeg     + . .     Faith    .   (armour unavailable)
rPois    +         Spirit   .   (helmet restricted)
rElec    .         Reflect  .   v - +2 ratskin cloak {+Rats rPois rN+ Str-1 Int-1 Dex+1}
rCorr    +         Harm     .   (no gloves)
MR       .....                  q - +0 pair of boots
Stlth    +.........             (no amulet)
HPRegen  0.21/turn              d - ring of resist corrosion
MPRegen  0.15/turn              (no ring)

@: no status effects
A: breathe frost, unfitting armour, cold resistance 1, cold-blooded, AC +6
a: Breathe Frost, Evoke Ratskin


You were on level 6 of the Dungeon.
You were not hungry.

You visited 1 branch of the dungeon, and saw 6 of its levels.

You collected 383 gold pieces.

Inventory:

Missiles
 a - 62 arrows
Armour
 l - a +0 cloak
 q - a +0 pair of boots (worn)
 v - the +2 ratskin cloak (worn) {+Rats rPois rN+ Str-1 Int-1 Dex+1}
   (You found it on level 5 of the Dungeon)

   It affects your strength (-1).
   It affects your intelligence (-1).
   It affects your dexterity (+1).
   It protects you from poison.
   It protects you from negative energy.
Jewellery
 d - a ring of resist corrosion (left hand)
Scrolls
 b - 3 scrolls of teleportation
 e - a scroll of enchant armour {unknown}
 f - 3 scrolls of identify
 g - 2 scrolls of fog
 k - 5 scrolls of remove curse
 o - a scroll of amnesia {unknown}
 p - a scroll of enchant weapon {unknown}
 r - a scroll of magic mapping {unknown}
Potions
 h - a potion of brilliance {unknown}
 i - 2 potions of invisibility {unknown}
 j - a potion of cancellation {unknown}
 m - a potion of flight {unknown}
 n - 2 potions of degeneration {unknown}
 s - a potion of heal wounds {unknown}
 t - a potion of resistance {unknown}
Comestibles
 c - 6 rations
 u - 7 chunks of flesh


   Skills:
 + Level 4.6 Fighting
 - Level 2.0 Dodging
 + Level 5.1 Unarmed Combat
 * Level 5.5 Spellcasting
 * Level 6.0 Transmutations


You had 12 spell levels left.
You knew the following spells:

 Your Spells              Type           Power        Failure   Level  Hunger
a - Beastly Appendage     Tmut           ###...       1%          1    None
b - Sticks to Snakes      Tmut           ###.....     1%          2    ##.....
c - Spider Form           Tmut/Pois      ##........   14%         3    ###....

Your spell library contained the following spells:

 Spells                   Type           Power        Failure   Level  Hunger
 Blade Hands              Tmut           ###.......   36%         5    ######.
 Ice Form                 Ice/Tmut       ##......     43%         4    ####...


Dungeon Overview and Level Annotations

Branches:
Dungeon (6/15)
 Temple: D:4-7

Altars:
Uskayaw
Vehumet

Shops:
D:6 (

Annotations:
D:6 Dowan, Duvessa


Innate Abilities, Weirdness & Mutations

You can breathe waves of freezing cold.
You can buffet flying creatures when you breathe cold.
Your icy white scales are hard. (AC +6)
You cannot fit into any form of body armour.
Your flesh is cold resistant. (rC+)
You are cold-blooded and may be slowed by cold attacks.


Message History

The orc priest mumbles some strange prayers to Beogh against you.
Pain shoots through your body!
* * * LOW HITPOINT WARNING * * *
The orc wizard casts a spell at you. The puff of flame misses you.
Your transformation is almost over.
The orc priest calls down the wrath of Beogh upon you.
Pain shoots through your body!
* * * LOW HITPOINT WARNING * * *
The orc priest calls down the wrath of Beogh upon you.
Beogh smites you!
* * * LOW HITPOINT WARNING * * *
The orc wizard casts a cantrip, but nothing happens.
Your transformation has ended.
The +2 ratskin cloak {+Rats rPois rN+ Str-1 Int-1 Dex+1} unmelds from your body.
Your +0 pair of boots unmelds from your body.
There is a stone staircase leading up here.
The orc wizard points at you and mumbles some strange words.
The magic dart hits you!
You die...

#.# ###........#
#.# ##....##)#.##
#.# #####.o##....#
#.#
##..o..###..###
#.# #..######..##
#####.###o##
##...##
#.........# #..#.#
#.........# #.#..#
#........@#
##.#.##
#.........# #..#.#
#.........###....#
#.........##...###
###########....#
#..### #####..###
#.......)#
#........#


You could see an orc wizard.

Vanquished Creatures
  An ice beast (D:5)
  A phantom (D:4)
  An ogre (D:4)
  A centaur (D:5)
  2 scorpions
  A howler monkey (D:4)
  2 crimson imps
  2 orc priests (D:3)
  3 hounds
  2 jellies
  A bullfrog skeleton (D:5)
  An orc wizard (D:4)
  A hell rat (D:5)
  4 worker ants
  7 gnolls
  A howler monkey skeleton (D:6)
  7 adders
  6 river rats (D:5)
  2 shadow imps
  An ooze (D:3)
  2 adder skeletons (D:5)
  5 worms
  3 dart slugs
  4 leopard geckos
  14 orcs
  9 bats
  8 giant cockroaches
  5 goblins
  6 hobgoblins
  9 jackals
  4 quokkas
  A ball python (D:2)
  6 frilled lizards
  A jackal skeleton (D:5)
  7 kobolds
  A quokka skeleton (D:4)
  19 rats
151 creatures vanquished.

Vanquished Creatures (collateral kills)
  A frilled lizard (D:2)
1 creature vanquished.

Grand Total: 152 creatures vanquished

Notes
Turn   | Place    | Note
-------+----------+-------------------------------------------
     0 | D:1      | AlterAsc the Draconian Transmuter began the quest for the
                  | Orb.
     0 | D:1      | Reached XP level 1. HP: 16/16 MP: 3/3
   185 | D:1      | Reached XP level 2. HP: 18/23 MP: 3/5
   405 | D:1      | Learned a level 2 spell: Sticks to Snakes
   538 | D:2      | Reached XP level 3. HP: 8/29 MP: 6/6
  1040 | D:2      | Reached XP level 4. HP: 36/36 MP: 7/7
  1277 | D:3      | Reached skill level 3 in Transmutations
  1555 | D:2      | Learned a level 3 spell: Spider Form
  1595 | D:3      | Reached XP level 5. HP: 13/42 MP: 6/9
  3697 | D:4      | Reached XP level 6. HP: 41/50 MP: 7/11
  3805 | D:4      | Reached skill level 4 in Transmutations
  4367 | D:4      | Found a hide-covered altar of Uskayaw.
  4368 | D:4      | Found a radiant altar of Vehumet.
  4576 | D:4      | Your scales start taking on an icy white colour.
  4576 | D:4      | Reached XP level 7. HP: 48/57 MP: 11/13
  4576 | D:4      | Gained mutation: Your flesh is cold resistant. (rC+) [White
                  | Draconian growth]
  4819 | D:5      | Entered Level 5 of the Dungeon
  5131 | D:5      | Reached skill level 5 in Transmutations
  5770 | D:5      | Reached skill level 5 in Spellcasting
  5770 | D:5      | Reached XP level 8. HP: 41/66 MP: 12/15
  5896 | D:5      | Found the +2 ratskin cloak {+Rats rPois rN+ Str-1 Int-1
                  | Dex+1}
  6035 | D:6      | Noticed Duvessa
  6035 | D:6      | Noticed Dowan
  6086 | D:6      | Reached skill level 5 in Unarmed Combat
  6126 | D:6      | Reached skill level 6 in Transmutations
  6200 | D:6      | Found Dudekyucouz's Antique Weapon Boutique.
  6259 | D:6      | Killed from afar by an orc wizard

Levels and vault maps discovered:
D:1:      dpeg_arrival_connections, layout_basic
D:2:      cheibrodos_old_hovel, layout_basic, corexii_item_surrounded_by_moat
D:3:      layout_loops_ring, grunt_ministairs_1, hangedman_decor_push
D:4:      layout_loops_ring, gammafunk_temple_overflow_statue
D:5:      wander_guarded_unrand_ratskin, layout_loops_ring, first_ration,
          nicolae_sextant
D:6:      layout_rooms, minmay_temple_entry_arrows, serial_shops,
          kennysheep_little_box, uniq_duvessa

Skill      XL: |  1  2  3  4  5  6  7  8 |
---------------+-------------------------+-----
Dodging        | 2 |  2.0
Fighting       | 2 3 4 |  4.6
Transmutations | 3 4 5 6 |  6.0
Spellcasting   | 3 4 5 |  5.5
Unarmed Combat | 4 5 |  5.1

Action                   |  1- 3 |  4- 6 |  7- 9 || total
-------------------------+-------+-------+-------++-------
Melee: Unarmed           |   121 |   275 |   205 ||   601
       Kick              |     6 |     2 |       ||     8
       Tailslap          |     9 |    26 |     6 ||    41
       Headbutt          |     7 |    10 |     8 ||    25
       Punch             |       |     3 |     2 ||     5
 Cast: Beastly Appendage |    13 |     7 |     4 ||    24
       Sticks to Snakes  |     1 |     1 |       ||     2
       Spider Form       |       |    11 |    14 ||    25
  Use: Scroll            |       |     3 |       ||     3
 Stab: Sleeping          |     1 |       |     2 ||     3
  Eat: Chunk             |     1 |    10 |     7 ||    18
       Ration            |       |     1 |       ||     1
Armor: Skin              |    36 |    59 |    47 ||   142
Dodge: Dodged            |    74 |   160 |   127 ||   361
